Winnipeg Jets vs Toronto Maple Leafs (R1)

Created - Tuesday, March 3, 2026 at 07:51

Goals
1 2 3 T
Winnipeg Jets 1 0 1 2
Toronto Maple Leafs 3 1 0 4
Shots
1 2 3 T
Winnipeg Jets 5 8 15 28
Toronto Maple Leafs 7 16 16 39

1st period

1. Toronto Maple Leafs , Sam Bennett 15 (Quinton Byfield 21) at 12:17
2. Toronto Maple Leafs , Brady Tkachuk 12 (Wyatt Johnston 29, Troy Terry 11) at 12:55
3. Winnipeg Jets , Jonas Brodin 4 (Adam Lowry 19, Alexander Kerfoot 6) at 15:47 (PP)
4. Toronto Maple Leafs , Wyatt Johnston 8 (Brady Tkachuk 17, Bowen Byram 9) at 18:51

Penalties :
Frederik Andersen (TOR) for Delaying the game (Minor) at 1:43 - Mario Ferraro served the penalty, Nicolas Roy (TOR) for High sticking (Minor) at 9:50, Aaron Ekblad (TOR) for Roughing (Minor) at 14:43

2nd period

5. Toronto Maple Leafs , Aaron Ekblad 1 (Sam Bennett 22, Quinton Byfield 22) at 2:42 (PP)

Penalties :
Dylan Samberg (WPG) for Holding (Minor) at 0:33, Michael Kesselring (WPG) for Hooking (Minor) at 0:46, Warren Foegele (TOR) for Cross-checking (Minor) at 7:22, Ryan Hartman (TOR) for Cross-checking (Minor) at 16:31

3rd period

6. Winnipeg Jets , Alexander Kerfoot 10 (Taylor Hall 19) at 0:06

Penalties :
Vladislav Namestnikov (WPG) for Holding (Minor) at 4:25, Alexis Lafreniere (WPG) for Tripping (Minor) at 16:07, Michael Kesselring (WPG) for Interference (Minor) at 19:37

Goalie Stats

Dustin Wolf (WPG), 35 saves from 39 shots - (0.897), L, 13-9-6, 60:00 minutes
Frederik Andersen (TOR), 26 saves from 28 shots - (0.929), W, 12-5-2, 60:00 minutes

Players Stats for Winnipeg Jets

Player Name              G  A  P  +/- PIM S  H  SB GA TA FO     MP     PP MP  PK MP  
------------------------------------------------------------------------------------
Adam Lowry               0  1  1   0  0   3  1  1  1  0  9/15   18:58   4:35   2:24 
Alexander Kerfoot        1  1  2   0  0   1  1  0  0  1  1/1    16:57   4:35   0:00 
Alexis Lafreniere        0  0  0  -1  2   3  0  0  1  0  0/1    11:38   0:10   0:00 
Connor Bedard            0  0  0  -1  0   2  2  0  2  1  1/3    19:48   4:15   2:50 
Dylan Samberg            0  0  0   1  2   0  1  2  1  0  0/0    24:25   4:36   2:13 
Haydn Fleury             0  0  0  -2  0   2  0  7  0  0  0/0    22:23   4:24   3:30 
Jason Zucker             0  0  0  -1  0   2  2  1  0  0  2/17   16:13   4:22   0:00 
Joel Armia               0  0  0  -1  0   3  0  0  0  0  0/0    11:25   0:00   0:00 
Jonas Brodin             1  0  1   1  0   4  1  0  0  0  0/0    25:12   4:36   2:59 
Matvei Michkov           0  0  0   0  0   2  1  0  1  0  0/0     8:37   0:13   0:00 
Michael Kesselring       0  0  0  -1  4   0  0  3  0  0  0/0    12:36   0:00   0:12 
Nate Schmidt             0  0  0  -2  0   1  2  0  2  0  0/0    23:06   4:24   4:13 
Nino Niederreiter        0  0  0   0  0   0  1  0  1  0  0/0     8:24   0:00   0:00 
Ridly Greig              0  0  0  -1  0   2  1  2  0  0  8/9    19:49   4:15   3:39 
Sam Steel                0  0  0   0  0   0  0  0  0  1  3/5     8:24   0:00   0:00 
Sean Durzi               0  0  0  -1  0   0  0  1  0  1  0/0    12:25   0:00   0:00 
Taylor Hall              0  1  1   0  0   1  2  0  3  0  3/7    19:31   4:35   2:09 
Vladislav Namestnikov    0  0  0  -1  2   2  1  2  0  0  5/10   11:49   0:00   0:00 

Players Stats for Toronto Maple Leafs

Player Name              G  A  P  +/- PIM S  H  SB GA TA FO     MP     PP MP  PK MP  
------------------------------------------------------------------------------------
Aaron Ekblad             1  0  1   3  2   1  2  1  0  1  0/0    24:28   3:36   4:04 
Bowen Byram              0  1  1   3  0   2  1  1  0  0  0/0    21:59   3:36   1:23 
Brady Tkachuk            1  1  2   2  0   1  4  0  1  1  1/1    17:05   3:20   1:20 
Brandon Saad             0  0  0   0  0   4  0  1  0  1  0/1    11:40   0:00   0:00 
Cody Ceci                0  0  0   0  0   0  0  1  0  2  0/0    17:06   0:00   4:18 
Eric Robinson            0  0  0   0  0   2  1  0  1  0  0/0     7:58   0:00   0:00 
Mackie Samoskevich       0  0  0   0  0   1  0  1  0  0  0/0     7:58   0:00   0:00 
Mario Ferraro            0  0  0  -1  0   0  3  0  0  1  0/0    18:39   0:00   3:33 
Nicolas Roy              0  0  0   0  2   2  2  0  0  0  3/4    11:09   0:00   3:07 
Quinton Byfield          0  2  2   0  0   3  0  1  0  1  0/1    15:32   3:09   0:00 
Ryan Hartman             0  0  0   0  2   4  2  0  0  0  0/0    11:40   0:00   0:00 
Ryan Pulock              0  0  0  -1  0   4  3  2  0  0  0/0    22:17   2:53   4:18 
Sam Bennett              1  1  2   0  0   3  1  1  0  1  13/23  17:57   3:09   2:01 
Sam Malinski             0  0  0   0  0   1  0  2  0  2  0/0    15:53   2:53   0:24 
Scott Laughton           0  0  0   0  0   3  1  0  2  1  6/12   15:45   0:00   4:00 
Troy Terry               0  1  1   2  0   0  0  1  0  0  1/4    15:20   3:20   0:00 
Warren Foegele           0  0  0   0  2   4  0  0  0  0  1/1    18:40   3:09   3:03 
Wyatt Johnston           1  1  2   2  0   4  3  0  0  1  11/21  19:50   3:20   4:29 

3 Stars

1 - Brady Tkachuk (TOR)
2 - Wyatt Johnston (TOR)
3 - Sam Bennett (TOR)

Power Play

Winnipeg Jets - 1 on 5 Attempt(s) - 20.00%
Toronto Maple Leafs - 1 on 5 Attempt(s) - 20.00%

Penalty Kill

Winnipeg Jets - 4 on 5 Attempt(s) - 80.00% - Score 0 goal in Penalty Kill
Toronto Maple Leafs - 4 on 5 Attempt(s) - 80.00% - Score 0 goal in Penalty Kill

Team Stat

Winnipeg Jets - Hits : 16 - Faceoff Wins : 32 - Blocked Shots : 19 - Penalty Minutes : 10
Toronto Maple Leafs - Hits : 23 - Faceoff Wins : 36 - Blocked Shots : 12 - Penalty Minutes : 10

Official

Referees : Wes Mccauley and Kyle Rehman
Linesman : Kiel Murchison and Trent Knorr

Game Notes

No Game Note

Finance

Level 1 -- Attendance: 5896 (98.27%) -- Ticket Income $554,224
Level 2 -- Attendance: 5000 (100.00%) -- Ticket Income $270,000
Level 3 -- Attendance: 2730 (91.00%) -- Ticket Income $90,090
Level 4 -- Attendance: 5000 (100.00%) -- Ticket Income $105,000
Luxury Box -- Attendance: 720 (72.00%) -- Ticket Income $138,960
Game was played at the Air Canada Centre.
Total Attendance: 19346 (96.73%)
Total Ticket Income: $1,158,274
Other Income: $405,396
Total Income: $1,563,670

Winnipeg Jets

5 vs 5 Forward 
   Center                   Left Wing                Right Wing               Time % Phy DF OF 
 1 Jason Zucker             Connor Bedard            Ridly Greig              30     1   2  2  
 2 Adam Lowry               Taylor Hall              Alexander Kerfoot        30     1   2  2  
 3 Vladislav Namestnikov    Alexis Lafreniere        Joel Armia               25     1   2  2  
 4 Sam Steel                Matvei Michkov           Nino Niederreiter        15     1   2  2  

5 vs 5 Defense 
   Defense                  Defense                                           Time % Phy DF OF 
 1 Dylan Samberg            Jonas Brodin                                      30     1   2  2  
 2 Nate Schmidt             Haydn Fleury                                      30     1   2  2  
 3 Sean Durzi               Michael Kesselring                                25     1   2  2  
 4 Dylan Samberg            Jonas Brodin                                      15     1   2  2  

PowerPlay Forward 
   Center                   Left Wing                Right Wing               Time % Phy DF OF 
 1 Jason Zucker             Connor Bedard            Ridly Greig              50     1   2  2  
 2 Adam Lowry               Taylor Hall              Alexander Kerfoot        50     1   2  2  

PowerPlay Defense
   Defense                  Defense                                           Time % Phy DF OF 
 1 Dylan Samberg            Jonas Brodin                                      50     1   2  2  
 2 Nate Schmidt             Haydn Fleury                                      50     1   2  2  

Penalty Kill 4 Players Forward 
   Center                   Wing                     Time % Phy DF OF 
 1 Taylor Hall              Connor Bedard            50     1   2  2  
 2 Adam Lowry               Ridly Greig              50     1   2  2  

Penalty Kill 4 Players Defense
   Defense                  Defense                  Time % Phy DF OF 
 1 Dylan Samberg            Jonas Brodin             50     1   2  2  
 2 Nate Schmidt             Haydn Fleury             50     1   2  2  

Penalty Kill - 3 Players Forward 
   Forward                                           Time % Phy DF OF 
 1 Ridly Greig                                       50     1   2  2  
 2 Connor Bedard                                     50     1   2  2  

Penalty Kill - 3 Players Defense
   Defense                  Defense                  Time % Phy DF OF 
 1 Dylan Samberg            Jonas Brodin             50     1   2  2  
 2 Nate Schmidt             Haydn Fleury             50     1   2  2  

4 vs 4 Forward 
   Center                   Wing                     Time % Phy DF OF 
 1 Matvei Michkov           Connor Bedard            50     1   2  2  
 2 Adam Lowry               Ridly Greig              50     1   2  2  

4 vs 4 Defense
   Defense                  Defense                  Time % Phy DF OF 
 1 Dylan Samberg            Jonas Brodin             50     1   2  2  
 2 Nate Schmidt             Haydn Fleury             50     1   2  2  

Last Minutes Offensive
   Center                   Left Wing                Right Wing               Defense                  Defense                  
   Jason Zucker             Connor Bedard            Ridly Greig              Dylan Samberg            Jonas Brodin             

Last Minutes Defensive
   Center                   Left Wing                Right Wing               Defense                  Defense                  
   Jason Zucker             Connor Bedard            Ridly Greig              Dylan Samberg            Jonas Brodin             

Goaltenders
Starting : Dustin Wolf              
Backup : Yaroslav Askarov         

Extra Forwards
Normal : Matvei Michkov, Alexis Lafreniere, Joel Armia - PP : Matvei Michkov, Alexis Lafreniere - PK : Joel Armia
Extra Defensemen
Normal : Dylan Samberg, Michael Kesselring, Nate Schmidt - PP : Jonas Brodin - PK : Michael Kesselring, Nate Schmidt
Penalty Shots
Joel Armia, Connor Bedard, Adam Lowry, Ridly Greig, Taylor Hall

Scratches
Erik Brannstrom (Healthy), Mikael Backlund (Healthy), Barclay Goodrow (Healthy), Derek Forbort (Healthy)

Toronto Maple Leafs

5 vs 5 Forward 
   Center                   Left Wing                Right Wing               Time % Phy DF OF 
 1 Wyatt Johnston           Brady Tkachuk            Troy Terry               30     1   2  2  
 2 Sam Bennett              Quinton Byfield          Warren Foegele           30     1   2  2  
 3 Scott Laughton           Brandon Saad             Ryan Hartman             25     1   2  2  
 4 Nicolas Roy              Eric Robinson            Mackie Samoskevich       15     1   3  1  

5 vs 5 Defense 
   Defense                  Defense                                           Time % Phy DF OF 
 1 Ryan Pulock              Mario Ferraro                                     35     1   2  2  
 2 Aaron Ekblad             Bowen Byram                                       35     1   2  2  
 3 Cody Ceci                Sam Malinski                                      30     1   2  2  
 4 Ryan Pulock              Mario Ferraro                                     0      1   2  2  

PowerPlay Forward 
   Center                   Left Wing                Right Wing               Time % Phy DF OF 
 1 Wyatt Johnston           Brady Tkachuk            Troy Terry               50     1   2  2  
 2 Sam Bennett              Quinton Byfield          Warren Foegele           50     1   2  2  

PowerPlay Defense
   Defense                  Defense                                           Time % Phy DF OF 
 1 Aaron Ekblad             Bowen Byram                                       50     1   2  2  
 2 Ryan Pulock              Sam Malinski                                      50     1   2  2  

Penalty Kill 4 Players Forward 
   Center                   Wing                     Time % Phy DF OF 
 1 Scott Laughton           Warren Foegele           50     1   2  2  
 2 Wyatt Johnston           Nicolas Roy              50     1   2  2  

Penalty Kill 4 Players Defense
   Defense                  Defense                  Time % Phy DF OF 
 1 Mario Ferraro            Aaron Ekblad             50     1   2  2  
 2 Ryan Pulock              Cody Ceci                50     1   2  2  

Penalty Kill - 3 Players Forward 
   Forward                                           Time % Phy DF OF 
 1 Scott Laughton                                    50     1   2  2  
 2 Wyatt Johnston                                    50     1   2  2  

Penalty Kill - 3 Players Defense
   Defense                  Defense                  Time % Phy DF OF 
 1 Mario Ferraro            Aaron Ekblad             50     1   2  2  
 2 Ryan Pulock              Cody Ceci                50     1   2  2  

4 vs 4 Forward 
   Center                   Wing                     Time % Phy DF OF 
 1 Wyatt Johnston           Brady Tkachuk            50     1   2  2  
 2 Sam Bennett              Quinton Byfield          50     1   2  2  

4 vs 4 Defense
   Defense                  Defense                  Time % Phy DF OF 
 1 Aaron Ekblad             Bowen Byram              50     1   2  2  
 2 Ryan Pulock              Mario Ferraro            50     1   2  2  

Last Minutes Offensive
   Center                   Left Wing                Right Wing               Defense                  Defense                  
   Wyatt Johnston           Brady Tkachuk            Troy Terry               Aaron Ekblad             Bowen Byram              

Last Minutes Defensive
   Center                   Left Wing                Right Wing               Defense                  Defense                  
   Wyatt Johnston           Scott Laughton           Warren Foegele           Ryan Pulock              Mario Ferraro            

Goaltenders
Starting : Frederik Andersen        
Backup : Matt Murray              

Extra Forwards
Normal : Ryan Hartman, Eric Robinson, Mackie Samoskevich - PP : Brandon Saad, Ryan Hartman - PK : Sam Bennett
Extra Defensemen
Normal : Sam Malinski, Cody Ceci, Bowen Byram - PP : Mario Ferraro - PK : Bowen Byram, Sam Malinski
Penalty Shots
Troy Terry, Quinton Byfield, Wyatt Johnston, Nicolas Roy, Brady Tkachuk

Scratches
Nick Bjugstad (Healthy), Brendan Brisson (Healthy), Lucas Carlsson (Healthy), Lassi Thomson (Healthy), Joonas Korpisalo (Healthy)

% Time on Ice - Winnipeg Jets

Lines # - Real PCT - Wanted PCT - Time Play
Normal Forward
1 - 29% - 30% - 12:43
2 - 27% - 30% - 11:59
3 - 26% - 25% - 11:25
4 - 19% - 15% - 8:24
Normal Defense
1 - 29% - 30% - 13:00
2 - 33% - 30% - 14:29
3 - 28% - 25% - 12:25
4 - 10% - 15% - 4:37
PP Forward
1 - 49% - 50% - 4:25
2 - 51% - 50% - 4:35
PP Defense
1 - 51% - 50% - 4:36
2 - 49% - 50% - 4:24
PK Forward
1 - 49% - 50% - 2:19
2 - 51% - 50% - 2:24
PK Defense
1 - 48% - 50% - 2:16
2 - 52% - 50% - 2:27
PK3 Forward
1 - 61% - 50% - 1:05
2 - 39% - 50% - 0:41
PK3 Defense
1 - 41% - 50% - 0:43
2 - 59% - 50% - 1:03
44 Forward
1 - 0% - 50%
2 - 0% - 50%
44 Defense
1 - 0% - 50%
2 - 0% - 50%
Last Minute Offensive  - 0:00
Last Minute Defensive  - 0:00
Total
Forward - 60:00
Defense - 60:00

% Time on Ice - Toronto Maple Leafs

Lines # - Real PCT - Wanted PCT - Time Play
Normal Forward
1 - 28% - 30% - 12:30
2 - 28% - 30% - 12:23
3 - 26% - 25% - 11:40
4 - 18% - 15% - 7:58
Normal Defense
1 - 35% - 35% - 15:29
2 - 37% - 35% - 16:26
3 - 28% - 30% - 12:36
4 - 0% - 0% - 0:00
PP Forward
1 - 51% - 50% - 3:20
2 - 49% - 50% - 3:09
PP Defense
1 - 56% - 50% - 3:36
2 - 44% - 50% - 2:53
PK Forward
1 - 53% - 50% - 4:44
2 - 47% - 50% - 4:16
PK Defense
1 - 52% - 50% - 4:42
2 - 48% - 50% - 4:18
PK3 Forward
1 - 0% - 50%
2 - 0% - 50%
PK3 Defense
1 - 0% - 50%
2 - 0% - 50%
44 Forward
1 - 0% - 50%
2 - 0% - 50%
44 Defense
1 - 0% - 50%
2 - 0% - 50%
Last Minute Offensive  - 0:00
Last Minute Defensive  - 0:00
Total
Forward - 60:00
Defense - 60:00

Play-by-Play

1st period


0:01 of 1st period - Wyatt Johnston wins face-off versus Jason Zucker in neutral zone.
0:37 of 1st period - Jonas Brodin is hit by Bowen Byram and loses puck.
0:54 of 1st period - Backhand shot by Joel Armia.
0:54 of 1st period - Stopped by Frederik Andersen without a rebound.
0:55 of 1st period - Vladislav Namestnikov wins face-off versus Nicolas Roy in Toronto Maple Leafs zone.
1:41 of 1st period - Wrist shot by Matvei Michkov.
1:41 of 1st period - Shot Misses the Net.
1:43 of 1st period - Snap shot by Adam Lowry.
1:43 of 1st period - Stopped by Frederik Andersen without a rebound.
1:43 of 1st period - Minor Penalty to Frederik Andersen for Delaying the game.
1:44 of 1st period - Scott Laughton wins face-off versus Jason Zucker in Toronto Maple Leafs zone.
1:55 of 1st period - Jason Zucker is hit by Nicolas Roy and loses puck.
3:43 of 1st period - Penalty to Mario Ferraro is over, Mario Ferraro is back on ice.
3:59 of 1st period - Slapshot by Alexis Lafreniere.
3:59 of 1st period - Shot Misses the Net.
4:31 of 1st period - Snap shot by Eric Robinson.
4:31 of 1st period - Shot Misses the Net.
4:33 of 1st period - Slapshot by Ryan Pulock.
4:33 of 1st period - Shot Blocked by Vladislav Namestnikov.
4:49 of 1st period - Dylan Samberg is hit by Ryan Pulock and loses puck.
5:04 of 1st period - Mackie Samoskevich is hit by Taylor Hall and loses puck.
5:15 of 1st period - Ridly Greig is hit by Sam Bennett and loses puck.
5:30 of 1st period - Jonas Brodin is hit by Brady Tkachuk.
6:01 of 1st period - Snap shot by Ryan Hartman.
6:01 of 1st period - Shot Misses the Net.
6:20 of 1st period - Icing by Sam Steel.
6:21 of 1st period - Sam Steel wins face-off versus Sam Bennett in Winnipeg Jets zone.
6:46 of 1st period - Aaron Ekblad is hit by Ridly Greig and loses puck.
7:05 of 1st period - Ryan Hartman is hit by Adam Lowry and loses puck.
7:30 of 1st period - Backhand shot by Nicolas Roy.
7:30 of 1st period - Deflect By Eric Robinson.
7:30 of 1st period - Stopped by Dustin Wolf with a rebound.
7:44 of 1st period - Icing by Cody Ceci.
7:45 of 1st period - Nicolas Roy wins face-off versus Jason Zucker in Toronto Maple Leafs zone.
8:16 of 1st period - Slapshot by Adam Lowry.
8:16 of 1st period - Shot Misses the Net.
8:42 of 1st period - Snap shot by Alexis Lafreniere.
8:42 of 1st period - Shot Blocked by Ryan Pulock.
9:13 of 1st period - Wrist shot by Sam Bennett.
9:13 of 1st period - Shot Blocked by Haydn Fleury.
9:50 of 1st period - Minor Penalty to Nicolas Roy for High sticking.
9:51 of 1st period - Adam Lowry wins face-off versus Wyatt Johnston in Toronto Maple Leafs zone.
10:16 of 1st period - Scott Laughton is hit by Connor Bedard.
11:44 of 1st period - Icing by Connor Bedard.
11:45 of 1st period - Scott Laughton wins face-off versus Jason Zucker in Winnipeg Jets zone.
11:46 of 1st period - Snap shot by Warren Foegele.
11:46 of 1st period - Stopped by Dustin Wolf with a rebound.
11:50 of 1st period - Penalty to Nicolas Roy is over, Nicolas Roy is back on ice.
12:07 of 1st period - Icing by Haydn Fleury.
12:08 of 1st period - Sam Bennett wins face-off versus Alexis Lafreniere in Winnipeg Jets zone.
12:17 of 1st period - Backhand shot by Sam Bennett.
12:17 of 1st period - Goal by Sam Bennett - Winnipeg Jets : 0 - Toronto Maple Leafs : 1.
12:18 of 1st period - Sam Bennett wins face-off versus Jason Zucker in neutral zone.
12:53 of 1st period - Wrist shot by Wyatt Johnston.
12:53 of 1st period - Shot Misses the Net.
12:55 of 1st period - Snap shot by Brady Tkachuk.
12:55 of 1st period - Goal by Brady Tkachuk - Winnipeg Jets : 0 - Toronto Maple Leafs : 2.
12:56 of 1st period - Jason Zucker wins face-off versus Sam Bennett in neutral zone.
14:43 of 1st period - Minor Penalty to Aaron Ekblad for Roughing.
14:44 of 1st period - Ridly Greig wins face-off versus Scott Laughton in Toronto Maple Leafs zone.
14:49 of 1st period - Snap shot by Jason Zucker.
14:49 of 1st period - Shot Misses the Net.
15:12 of 1st period - Off-side.
15:13 of 1st period - Adam Lowry wins face-off versus Wyatt Johnston in neutral zone.
15:16 of 1st period - Bowen Byram is hit by Dylan Samberg and loses puck.
15:45 of 1st period - Slapshot by Adam Lowry.
15:45 of 1st period - Shot Misses the Net.
15:47 of 1st period - Slapshot by Jonas Brodin.
15:47 of 1st period - Goal by Jonas Brodin - Winnipeg Jets : 1 - Toronto Maple Leafs : 2.
15:48 of 1st period - Wyatt Johnston wins face-off versus Jason Zucker in neutral zone.
15:58 of 1st period - Snap shot by Wyatt Johnston.
15:58 of 1st period - Shot Blocked by Dylan Samberg.
16:00 of 1st period - Slapshot by Wyatt Johnston.
16:00 of 1st period - Stopped by Dustin Wolf with a rebound.
16:04 of 1st period - Wrist shot by Wyatt Johnston.
16:04 of 1st period - Shot Misses the Net.
16:42 of 1st period - Snap shot by Vladislav Namestnikov.
16:42 of 1st period - Deflect By Alexis Lafreniere.
16:42 of 1st period - Shot Blocked by Mackie Samoskevich.
16:42 of 1st period - Puck is out of play.
16:43 of 1st period - Troy Terry wins face-off versus Jason Zucker in Toronto Maple Leafs zone.
17:10 of 1st period - Alexander Kerfoot is hit by Scott Laughton and loses puck.
17:21 of 1st period - Wrist shot by Adam Lowry.
17:21 of 1st period - Stopped by Frederik Andersen with a rebound.
17:57 of 1st period - Snap shot by Mackie Samoskevich.
17:57 of 1st period - Shot Blocked by Michael Kesselring.
17:59 of 1st period - Wrist shot by Nicolas Roy.
17:59 of 1st period - Shot Blocked by Michael Kesselring.
18:01 of 1st period - Snap shot by Bowen Byram.
18:01 of 1st period - Stopped by Dustin Wolf with a rebound.
18:03 of 1st period - Snap shot by Eric Robinson.
18:03 of 1st period - Shot Blocked by Sean Durzi.
18:19 of 1st period - Wrist shot by Ridly Greig.
18:19 of 1st period - Stopped by Frederik Andersen with a rebound.
18:30 of 1st period - Jason Zucker is hit by Aaron Ekblad and loses puck.
18:51 of 1st period - Snap shot by Wyatt Johnston.
18:51 of 1st period - Goal by Wyatt Johnston - Winnipeg Jets : 1 - Toronto Maple Leafs : 3.
18:52 of 1st period - Adam Lowry wins face-off versus Sam Bennett in neutral zone.
18:59 of 1st period - Off-side.
19:00 of 1st period - Adam Lowry wins face-off versus Sam Bennett in neutral zone.
19:06 of 1st period - Sam Bennett is hit by Taylor Hall and loses puck.
19:22 of 1st period - Icing by Sam Bennett.
19:23 of 1st period - Sam Bennett wins face-off versus Jason Zucker in Toronto Maple Leafs zone.
19:23 of 1st period - Sam Bennett is hit by Jason Zucker.
19:31 of 1st period - Ridly Greig is hit by Ryan Pulock and loses puck.
Goals for this period are 1 for Winnipeg Jets vs 3 for Toronto Maple Leafs.
Shots for this period are 5 for Winnipeg Jets vs 7 for Toronto Maple Leafs.

2nd period


0:01 of 2nd period - Scott Laughton wins face-off versus Adam Lowry in neutral zone.
0:11 of 2nd period - Icing by Alexander Kerfoot.
0:12 of 2nd period - Sam Bennett wins face-off versus Taylor Hall in Winnipeg Jets zone.
0:33 of 2nd period - Minor Penalty to Dylan Samberg for Holding.
0:34 of 2nd period - Wyatt Johnston wins face-off versus Taylor Hall in Winnipeg Jets zone.
0:46 of 2nd period - Minor Penalty to Michael Kesselring for Hooking.
0:47 of 2nd period - Ridly Greig wins face-off versus Quinton Byfield in Winnipeg Jets zone.
0:58 of 2nd period - Off-side.
0:59 of 2nd period - Connor Bedard wins face-off versus Sam Bennett in neutral zone.
1:06 of 2nd period - Wrist shot by Connor Bedard.
1:06 of 2nd period - Stopped by Frederik Andersen without a rebound.
1:07 of 2nd period - Ridly Greig wins face-off versus Sam Bennett in Toronto Maple Leafs zone.
1:08 of 2nd period - Slapshot by Haydn Fleury.
1:08 of 2nd period - Deflect By Ridly Greig.
1:08 of 2nd period - Shot Misses the Net.
1:08 of 2nd period - Puck is out of play.
1:09 of 2nd period - Ridly Greig wins face-off versus Sam Bennett in Toronto Maple Leafs zone.
1:12 of 2nd period - Slapshot by Ridly Greig.
1:12 of 2nd period - Stopped by Frederik Andersen without a rebound.
1:13 of 2nd period - Ridly Greig wins face-off versus Wyatt Johnston in Toronto Maple Leafs zone.
2:10 of 2nd period - Slapshot by Quinton Byfield.
2:10 of 2nd period - Stopped by Dustin Wolf with a rebound.
2:12 of 2nd period - Snap shot by Quinton Byfield.
2:12 of 2nd period - Shot Blocked by Haydn Fleury.
2:14 of 2nd period - Wrist shot by Warren Foegele.
2:14 of 2nd period - Stopped by Dustin Wolf with a rebound.
2:33 of 2nd period - Penalty to Dylan Samberg is over, Dylan Samberg is back on ice.
2:36 of 2nd period - Wrist shot by Sam Bennett.
2:36 of 2nd period - Shot Misses the Net.
2:38 of 2nd period - Slapshot by Aaron Ekblad.
2:38 of 2nd period - Shot Blocked by Ridly Greig.
2:40 of 2nd period - Slapshot by Aaron Ekblad.
2:40 of 2nd period - Shot Blocked by Haydn Fleury.
2:42 of 2nd period - Slapshot by Aaron Ekblad.
2:42 of 2nd period - Goal by Aaron Ekblad - Winnipeg Jets : 1 - Toronto Maple Leafs : 4.
2:43 of 2nd period - Vladislav Namestnikov wins face-off versus Scott Laughton in neutral zone.
2:50 of 2nd period - Backhand shot by Vladislav Namestnikov.
2:50 of 2nd period - Shot Misses the Net.
2:52 of 2nd period - Slapshot by Joel Armia.
2:52 of 2nd period - Shot Misses the Net.
2:54 of 2nd period - Snap shot by Vladislav Namestnikov.
2:54 of 2nd period - Shot Blocked by Brandon Saad.
2:56 of 2nd period - Snap shot by Jonas Brodin.
2:56 of 2nd period - Stopped by Frederik Andersen without a rebound.
2:57 of 2nd period - Wyatt Johnston wins face-off versus Adam Lowry in Toronto Maple Leafs zone.
3:02 of 2nd period - Taylor Hall is hit by Brady Tkachuk and loses puck.
3:09 of 2nd period - Wrist shot by Wyatt Johnston.
3:09 of 2nd period - Shot Misses the Net.
3:32 of 2nd period - Snap shot by Scott Laughton.
3:32 of 2nd period - Deflect By Ryan Hartman.
3:32 of 2nd period - Stopped by Dustin Wolf with a rebound.
3:34 of 2nd period - Wrist shot by Brandon Saad.
3:34 of 2nd period - Stopped by Dustin Wolf with a rebound.
4:53 of 2nd period - Wrist shot by Connor Bedard.
4:53 of 2nd period - Stopped by Frederik Andersen with a rebound.
5:18 of 2nd period - Snap shot by Quinton Byfield.
5:18 of 2nd period - Deflect By Warren Foegele.
5:18 of 2nd period - Stopped by Dustin Wolf without a rebound.
5:19 of 2nd period - Wyatt Johnston wins face-off versus Connor Bedard in Winnipeg Jets zone.
5:20 of 2nd period - Slapshot by Brady Tkachuk.
5:20 of 2nd period - Shot Blocked by Dylan Samberg.
5:28 of 2nd period - Jonas Brodin is hit by Mario Ferraro and loses puck.
6:15 of 2nd period - Snap shot by Taylor Hall.
6:15 of 2nd period - Stopped by Frederik Andersen without a rebound.
6:16 of 2nd period - Nicolas Roy wins face-off versus Adam Lowry in Toronto Maple Leafs zone.
6:25 of 2nd period - Slapshot by Mackie Samoskevich.
6:25 of 2nd period - Shot Misses the Net.
6:45 of 2nd period - Eric Robinson is hit by Nate Schmidt and loses puck.
6:54 of 2nd period - Eric Robinson is hit by Nate Schmidt.
7:11 of 2nd period - Off-side.
7:12 of 2nd period - Sam Bennett wins face-off versus Jason Zucker in neutral zone.
7:22 of 2nd period - Minor Penalty to Warren Foegele for Cross-checking.
7:23 of 2nd period - Scott Laughton wins face-off versus Jason Zucker in Toronto Maple Leafs zone.
9:22 of 2nd period - Penalty to Warren Foegele is over, Warren Foegele is back on ice.
9:44 of 2nd period - Slapshot by Eric Robinson.
9:44 of 2nd period - Stopped by Dustin Wolf without a rebound.
9:45 of 2nd period - Sam Bennett wins face-off versus Sam Steel in Winnipeg Jets zone.
10:15 of 2nd period - Snap shot by Ryan Hartman.
10:15 of 2nd period - Stopped by Dustin Wolf with a rebound.
10:17 of 2nd period - Snap shot by Ryan Hartman.
10:17 of 2nd period - Deflect By Brandon Saad.
10:17 of 2nd period - Stopped by Dustin Wolf without a rebound.
10:18 of 2nd period - Wyatt Johnston wins face-off versus Jason Zucker in Winnipeg Jets zone.
10:37 of 2nd period - Mario Ferraro is hit by Jason Zucker and loses puck.
11:10 of 2nd period - Snap shot by Alexis Lafreniere.
11:10 of 2nd period - Shot Misses the Net.
11:12 of 2nd period - Wrist shot by Alexis Lafreniere.
11:12 of 2nd period - Stopped by Frederik Andersen with a rebound.
11:14 of 2nd period - Wrist shot by Nate Schmidt.
11:14 of 2nd period - Shot Blocked by Cody Ceci.
11:16 of 2nd period - Slapshot by Vladislav Namestnikov.
11:16 of 2nd period - Stopped by Frederik Andersen without a rebound.
11:17 of 2nd period - Sam Bennett wins face-off versus Vladislav Namestnikov in Toronto Maple Leafs zone.
11:22 of 2nd period - Snap shot by Alexis Lafreniere.
11:22 of 2nd period - Shot Blocked by Quinton Byfield.
11:24 of 2nd period - Slapshot by Jonas Brodin.
11:24 of 2nd period - Stopped by Frederik Andersen with a rebound.
11:26 of 2nd period - Slapshot by Joel Armia.
11:26 of 2nd period - Deflect By Alexis Lafreniere.
11:26 of 2nd period - Shot Misses the Net.
11:26 of 2nd period - Puck is out of play.
11:27 of 2nd period - Sam Bennett wins face-off versus Jason Zucker in Toronto Maple Leafs zone.
11:31 of 2nd period - Icing by Warren Foegele.
11:32 of 2nd period - Warren Foegele wins face-off versus Jason Zucker in Toronto Maple Leafs zone.
11:41 of 2nd period - Wrist shot by Warren Foegele.
11:41 of 2nd period - Stopped by Dustin Wolf with a rebound.
12:02 of 2nd period - Wrist shot by Sam Bennett.
12:02 of 2nd period - Stopped by Dustin Wolf without a rebound.
12:03 of 2nd period - Jason Zucker wins face-off versus Wyatt Johnston in Winnipeg Jets zone.
12:18 of 2nd period - Nate Schmidt is hit by Brady Tkachuk and loses puck.
12:39 of 2nd period - Wrist shot by Nicolas Roy.
12:39 of 2nd period - Stopped by Dustin Wolf without a rebound.
12:40 of 2nd period - Adam Lowry wins face-off versus Wyatt Johnston in Winnipeg Jets zone.
12:40 of 2nd period - Adam Lowry is hit by Mario Ferraro.
12:48 of 2nd period - Slapshot by Wyatt Johnston.
12:48 of 2nd period - Stopped by Dustin Wolf with a rebound.
12:54 of 2nd period - Alexander Kerfoot is hit by Brady Tkachuk and loses puck.
13:07 of 2nd period - Vladislav Namestnikov is hit by Ryan Hartman and loses puck.
13:51 of 2nd period - Slapshot by Bowen Byram.
13:51 of 2nd period - Stopped by Dustin Wolf with a rebound.
13:57 of 2nd period - Eric Robinson is hit by Connor Bedard and loses puck.
14:33 of 2nd period - Slapshot by Ryan Hartman.
14:33 of 2nd period - Shot Blocked by Adam Lowry.
14:35 of 2nd period - Snap shot by Sam Malinski.
14:35 of 2nd period - Stopped by Dustin Wolf without a rebound.
14:36 of 2nd period - Scott Laughton wins face-off versus Jason Zucker in Winnipeg Jets zone.
14:42 of 2nd period - Off-side.
14:43 of 2nd period - Wyatt Johnston wins face-off versus Jason Zucker in neutral zone.
15:10 of 2nd period - Alexis Lafreniere is hit by Mario Ferraro and loses puck.
15:37 of 2nd period - Wrist shot by Eric Robinson.
15:37 of 2nd period - Shot Misses the Net.
15:39 of 2nd period - Wrist shot by Nicolas Roy.
15:39 of 2nd period - Deflect By Taylor Hall.
15:39 of 2nd period - Shot Misses the Net.
15:39 of 2nd period - Puck is out of play.
15:40 of 2nd period - Sam Bennett wins face-off versus Ridly Greig in Winnipeg Jets zone.
15:47 of 2nd period - Slapshot by Sam Bennett.
15:47 of 2nd period - Shot Misses the Net.
16:11 of 2nd period - Icing by Wyatt Johnston.
16:12 of 2nd period - Wyatt Johnston wins face-off versus Vladislav Namestnikov in Toronto Maple Leafs zone.
16:12 of 2nd period - Wyatt Johnston is hit by Vladislav Namestnikov.
16:22 of 2nd period - Slapshot by Alexis Lafreniere.
16:22 of 2nd period - Deflect By Troy Terry.
16:22 of 2nd period - Shot Blocked by Ryan Pulock.
16:22 of 2nd period - Puck is out of play.
16:23 of 2nd period - Adam Lowry wins face-off versus Scott Laughton in Toronto Maple Leafs zone.
16:31 of 2nd period - Minor Penalty to Ryan Hartman for Cross-checking.
16:32 of 2nd period - Adam Lowry wins face-off versus Wyatt Johnston in Toronto Maple Leafs zone.
16:40 of 2nd period - Snap shot by Alexander Kerfoot.
16:40 of 2nd period - Shot Misses the Net.
16:48 of 2nd period - Slapshot by Ryan Pulock.
16:48 of 2nd period - Stopped by Dustin Wolf with a rebound.
18:31 of 2nd period - Penalty to Ryan Hartman is over, Ryan Hartman is back on ice.
19:02 of 2nd period - Aaron Ekblad is hit by Nino Niederreiter and loses puck.
Goals for this period are 0 for Winnipeg Jets vs 1 for Toronto Maple Leafs.
Shots for this period are 8 for Winnipeg Jets vs 16 for Toronto Maple Leafs.

3rd period


0:01 of 3rd period - Sam Bennett wins face-off versus Adam Lowry in neutral zone.
0:06 of 3rd period - Wrist shot by Alexander Kerfoot.
0:06 of 3rd period - Goal by Alexander Kerfoot - Winnipeg Jets : 2 - Toronto Maple Leafs : 4.
0:07 of 3rd period - Wyatt Johnston wins face-off versus Adam Lowry in neutral zone.
0:10 of 3rd period - Slapshot by Ryan Pulock.
0:10 of 3rd period - Shot Misses the Net.
0:58 of 3rd period - Backhand shot by Jason Zucker.
0:58 of 3rd period - Shot Blocked by Sam Malinski.
1:00 of 3rd period - Slapshot by Connor Bedard.
1:00 of 3rd period - Shot Blocked by Sam Malinski.
1:02 of 3rd period - Slapshot by Jonas Brodin.
1:02 of 3rd period - Deflect By Jason Zucker.
1:02 of 3rd period - Stopped by Frederik Andersen without a rebound.
1:03 of 3rd period - Wyatt Johnston wins face-off versus Connor Bedard in Toronto Maple Leafs zone.
2:21 of 3rd period - Wrist shot by Brandon Saad.
2:21 of 3rd period - Stopped by Dustin Wolf with a rebound.
2:23 of 3rd period - Snap shot by Ryan Hartman.
2:23 of 3rd period - Shot Blocked by Haydn Fleury.
2:37 of 3rd period - Slapshot by Jason Zucker.
2:37 of 3rd period - Shot Blocked by Bowen Byram.
2:39 of 3rd period - Slapshot by Nate Schmidt.
2:39 of 3rd period - Stopped by Frederik Andersen with a rebound.
2:57 of 3rd period - Snap shot by Alexis Lafreniere.
2:57 of 3rd period - Shot Misses the Net.
2:59 of 3rd period - Snap shot by Alexis Lafreniere.
2:59 of 3rd period - Shot Blocked by Aaron Ekblad.
3:01 of 3rd period - Snap shot by Joel Armia.
3:01 of 3rd period - Stopped by Frederik Andersen with a rebound.
3:03 of 3rd period - Wrist shot by Joel Armia.
3:03 of 3rd period - Deflect By Alexis Lafreniere.
3:03 of 3rd period - Stopped by Frederik Andersen with a rebound.
3:25 of 3rd period - Matvei Michkov is hit by Nicolas Roy and loses puck.
3:37 of 3rd period - Icing by Bowen Byram.
3:38 of 3rd period - Ridly Greig wins face-off versus Brandon Saad in Toronto Maple Leafs zone.
3:39 of 3rd period - Wrist shot by Jason Zucker.
3:39 of 3rd period - Stopped by Frederik Andersen with a rebound.
3:50 of 3rd period - Snap shot by Scott Laughton.
3:50 of 3rd period - Stopped by Dustin Wolf with a rebound.
3:52 of 3rd period - Slapshot by Ryan Hartman.
3:52 of 3rd period - Shot Misses the Net.
3:54 of 3rd period - Slapshot by Scott Laughton.
3:54 of 3rd period - Stopped by Dustin Wolf with a rebound.
4:03 of 3rd period - Off-side.
4:04 of 3rd period - Sam Bennett wins face-off versus Vladislav Namestnikov in neutral zone.
4:25 of 3rd period - Minor Penalty to Vladislav Namestnikov for Holding.
4:26 of 3rd period - Ridly Greig wins face-off versus Wyatt Johnston in Winnipeg Jets zone.
4:26 of 3rd period - Ridly Greig is hit by Wyatt Johnston.
4:32 of 3rd period - Slapshot by Haydn Fleury.
4:32 of 3rd period - Stopped by Frederik Andersen without a rebound.
4:33 of 3rd period - Wyatt Johnston wins face-off versus Adam Lowry in Toronto Maple Leafs zone.
4:48 of 3rd period - Wrist shot by Troy Terry.
4:48 of 3rd period - Shot Misses the Net.
5:04 of 3rd period - Snap shot by Troy Terry.
5:04 of 3rd period - Shot Misses the Net.
5:22 of 3rd period - Snap shot by Troy Terry.
5:22 of 3rd period - Shot Misses the Net.
5:42 of 3rd period - Wrist shot by Wyatt Johnston.
5:42 of 3rd period - Shot Blocked by Ridly Greig.
5:44 of 3rd period - Snap shot by Wyatt Johnston.
5:44 of 3rd period - Shot Blocked by Haydn Fleury.
5:46 of 3rd period - Snap shot by Ryan Pulock.
5:46 of 3rd period - Stopped by Dustin Wolf without a rebound.
5:47 of 3rd period - Sam Bennett wins face-off versus Taylor Hall in Winnipeg Jets zone.
6:18 of 3rd period - Icing by Bowen Byram.
6:19 of 3rd period - Taylor Hall wins face-off versus Sam Bennett in Toronto Maple Leafs zone.
6:25 of 3rd period - Penalty to Vladislav Namestnikov is over, Vladislav Namestnikov is back on ice.
6:36 of 3rd period - Wrist shot by Nicolas Roy.
6:36 of 3rd period - Deflect By Jonas Brodin.
6:36 of 3rd period - Stopped by Dustin Wolf with a rebound.
6:38 of 3rd period - Wrist shot by Mackie Samoskevich.
6:38 of 3rd period - Shot Blocked by Vladislav Namestnikov.
7:45 of 3rd period - Matvei Michkov is hit by Wyatt Johnston and loses puck.
8:02 of 3rd period - Slapshot by Alexis Lafreniere.
8:02 of 3rd period - Stopped by Frederik Andersen without a rebound.
8:03 of 3rd period - Alexander Kerfoot wins face-off versus Sam Bennett in Toronto Maple Leafs zone.
8:35 of 3rd period - Snap shot by Ryan Hartman.
8:35 of 3rd period - Stopped by Dustin Wolf without a rebound.
8:36 of 3rd period - Sam Steel wins face-off versus Wyatt Johnston in Winnipeg Jets zone.
9:06 of 3rd period - Wrist shot by Sam Bennett.
9:06 of 3rd period - Stopped by Dustin Wolf with a rebound.
9:08 of 3rd period - Wrist shot by Sam Malinski.
9:08 of 3rd period - Deflect By Quinton Byfield.
9:08 of 3rd period - Stopped by Dustin Wolf with a rebound.
9:10 of 3rd period - Slapshot by Cody Ceci.
9:10 of 3rd period - Deflect By Quinton Byfield.
9:10 of 3rd period - Shot Blocked by Michael Kesselring.
9:10 of 3rd period - Puck is out of play.
9:11 of 3rd period - Adam Lowry wins face-off versus Wyatt Johnston in Winnipeg Jets zone.
9:48 of 3rd period - Dylan Samberg is hit by Ryan Hartman and loses puck.
10:05 of 3rd period - Nate Schmidt is hit by Ryan Pulock.
10:23 of 3rd period - Wrist shot by Ryan Hartman.
10:23 of 3rd period - Shot Blocked by Haydn Fleury.
10:25 of 3rd period - Snap shot by Ryan Hartman.
10:25 of 3rd period - Stopped by Dustin Wolf without a rebound.
10:26 of 3rd period - Adam Lowry wins face-off versus Sam Bennett in Winnipeg Jets zone.
10:51 of 3rd period - Connor Bedard is hit by Wyatt Johnston.
10:55 of 3rd period - Wrist shot by Connor Bedard.
10:55 of 3rd period - Deflect By Ridly Greig.
10:55 of 3rd period - Shot Misses the Net.
10:55 of 3rd period - Puck is out of play.
10:56 of 3rd period - Vladislav Namestnikov wins face-off versus Troy Terry in Toronto Maple Leafs zone.
10:57 of 3rd period - Snap shot by Alexis Lafreniere.
10:57 of 3rd period - Shot Blocked by Troy Terry.
10:59 of 3rd period - Slapshot by Dylan Samberg.
10:59 of 3rd period - Shot Misses the Net.
11:01 of 3rd period - Snap shot by Joel Armia.
11:01 of 3rd period - Stopped by Frederik Andersen without a rebound.
11:02 of 3rd period - Brady Tkachuk wins face-off versus Vladislav Namestnikov in Toronto Maple Leafs zone.
11:49 of 3rd period - Snap shot by Matvei Michkov.
11:49 of 3rd period - Stopped by Frederik Andersen with a rebound.
11:51 of 3rd period - Backhand shot by Haydn Fleury.
11:51 of 3rd period - Stopped by Frederik Andersen without a rebound.
11:52 of 3rd period - Sam Steel wins face-off versus Scott Laughton in Toronto Maple Leafs zone.
12:17 of 3rd period - Wrist shot by Adam Lowry.
12:17 of 3rd period - Shot Misses the Net.
12:19 of 3rd period - Snap shot by Taylor Hall.
12:19 of 3rd period - Shot Misses the Net.
12:21 of 3rd period - Slapshot by Haydn Fleury.
12:21 of 3rd period - Shot Misses the Net.
12:27 of 3rd period - Snap shot by Taylor Hall.
12:27 of 3rd period - Shot Misses the Net.
12:37 of 3rd period - Snap shot by Wyatt Johnston.
12:37 of 3rd period - Stopped by Dustin Wolf with a rebound.
12:39 of 3rd period - Backhand shot by Ryan Pulock.
12:39 of 3rd period - Shot Misses the Net.
12:41 of 3rd period - Slapshot by Ryan Pulock.
12:41 of 3rd period - Stopped by Dustin Wolf with a rebound.
12:43 of 3rd period - Slapshot by Ryan Pulock.
12:43 of 3rd period - Stopped by Dustin Wolf with a rebound.
12:45 of 3rd period - Snap shot by Mario Ferraro.
12:45 of 3rd period - Shot Blocked by Jason Zucker.
13:33 of 3rd period - Backhand shot by Mackie Samoskevich.
13:33 of 3rd period - Stopped by Dustin Wolf with a rebound.
13:43 of 3rd period - Aaron Ekblad is hit by Alexander Kerfoot and loses puck.
14:32 of 3rd period - Snap shot by Vladislav Namestnikov.
14:32 of 3rd period - Stopped by Frederik Andersen with a rebound.
14:44 of 3rd period - Bowen Byram is hit by Matvei Michkov and loses puck.
14:55 of 3rd period - Dylan Samberg is hit by Eric Robinson.
15:07 of 3rd period - Connor Bedard is hit by Aaron Ekblad and loses puck.
15:34 of 3rd period - Wrist shot by Alexander Kerfoot.
15:34 of 3rd period - Deflect By Taylor Hall.
15:34 of 3rd period - Shot Blocked by Sam Bennett.
15:34 of 3rd period - Puck is out of play.
15:35 of 3rd period - Vladislav Namestnikov wins face-off versus Scott Laughton in Toronto Maple Leafs zone.
15:46 of 3rd period - Snap shot by Alexis Lafreniere.
15:46 of 3rd period - Shot Misses the Net.
15:48 of 3rd period - Slapshot by Jonas Brodin.
15:48 of 3rd period - Stopped by Frederik Andersen without a rebound.
15:49 of 3rd period - Scott Laughton wins face-off versus Vladislav Namestnikov in Toronto Maple Leafs zone.
16:02 of 3rd period - Wrist shot by Brandon Saad.
16:02 of 3rd period - Stopped by Dustin Wolf with a rebound.
16:07 of 3rd period - Minor Penalty to Alexis Lafreniere for Tripping.
16:08 of 3rd period - Taylor Hall wins face-off versus Wyatt Johnston in Winnipeg Jets zone.
16:12 of 3rd period - Brady Tkachuk is hit by Jonas Brodin and loses puck.
16:55 of 3rd period - Snap shot by Adam Lowry.
16:55 of 3rd period - Stopped by Frederik Andersen without a rebound.
16:56 of 3rd period - Ridly Greig wins face-off versus Troy Terry in Toronto Maple Leafs zone.
17:29 of 3rd period - Snap shot by Quinton Byfield.
17:29 of 3rd period - Stopped by Dustin Wolf without a rebound.
17:30 of 3rd period - Sam Bennett wins face-off versus Taylor Hall in Winnipeg Jets zone.
18:07 of 3rd period - Penalty to Alexis Lafreniere is over, Alexis Lafreniere is back on ice.
18:22 of 3rd period - Snap shot by Scott Laughton.
18:22 of 3rd period - Stopped by Dustin Wolf without a rebound.
18:23 of 3rd period - Vladislav Namestnikov wins face-off versus Scott Laughton in Winnipeg Jets zone.
18:53 of 3rd period - Wrist shot by Mackie Samoskevich.
18:53 of 3rd period - Deflect By Eric Robinson.
18:53 of 3rd period - Shot Blocked by Haydn Fleury.
18:53 of 3rd period - Puck is out of play.
18:54 of 3rd period - Nicolas Roy wins face-off versus Sam Steel in Winnipeg Jets zone.
19:03 of 3rd period - Snap shot by Nino Niederreiter.
19:03 of 3rd period - Shot Misses the Net.
19:05 of 3rd period - Slapshot by Matvei Michkov.
19:05 of 3rd period - Stopped by Frederik Andersen with a rebound.
19:37 of 3rd period - Minor Penalty to Michael Kesselring for Interference.
19:38 of 3rd period - Taylor Hall wins face-off versus Troy Terry in Winnipeg Jets zone.
Goals for this period are 1 for Winnipeg Jets vs 0 for Toronto Maple Leafs.
Shots for this period are 15 for Winnipeg Jets vs 16 for Toronto Maple Leafs.